 Dungeon Crawl Stone Soup version 0.20.1-1-g8b1a95d (webtiles) character file.

1551 Irenicus the Cleaver (level 8, 0/69 HPs)
             Began as a Deep Dwarf Monk on Oct 27, 2017.
             Slain by an ogre
             ... wielding a +0 giant spiked club
              (13 damage)
             ... on level 4 of the Dungeon.
             The game lasted 00:11:09 (1928 turns).

Irenicus the Cleaver (Deep Dwarf Monk)              Turns: 1928, Time: 00:11:10

Health: 0/69       AC: 11    Str: 21    XL:     8   Next: 57%
Magic:  5/5        EV: 15    Int: 10    God:
Gold:   142        SH:  0    Dex: 17    Spells: 7/7 levels left

rFire    + . .     SeeInvis .   a - +0 hand axe
rCold    + . .     Gourm    .   (no shield)
rNeg     . . .     Faith    .   x - +4 scale mail {rC+}
rPois    .         Spirit   .   (no helmet)
rElec    .         Reflect  .   (no cloak)
rCorr    .         Harm     .   (no gloves)
MR       +....                  (no boots)
Stlth    +.........             (no amulet)
Regen    0.0/turn               d - ring of protection from fire
MPRegen  0.1/turn               o - +3 ring of evasion

@: mighty, non-regenerating
A: damage resistance, heal wounds, sense surroundings 1, no regeneration
a: Heal Wounds


You were on level 4 of the Dungeon.
You were hungry.

You visited 1 branch of the dungeon, and saw 4 of its levels.
You also visited: Ossuary.

You collected 142 gold pieces.

Inventory:

Hand Weapons
 a - a +0 hand axe (weapon)
Armour
 b - a +0 robe
 x - a +4 scale mail of cold resistance (worn)
Jewellery
 d - a ring of protection from fire (left hand)
 o - a +3 ring of evasion (right hand)
Wands
 r - a wand of confusion (9/48)
Scrolls
 h - a scroll of fog
 i - a scroll of amnesia
 j - a scroll of enchant weapon {unknown}
 m - a scroll of noise {unknown}
 n - 3 scrolls of remove curse
 s - a scroll of recharging
 t - a scroll of teleportation {unknown}
 v - a scroll of fear {unknown}
 y - a scroll of magic mapping
 z - a scroll of enchant armour
 B - a scroll of brand weapon {unknown}
Potions
 e - 2 potions of curing
 f - 3 potions of heal wounds
 q - 2 potions of invisibility
 u - a potion of might
 w - 2 potions of agility
 A - a potion of lignification
Comestibles
 c - 2 bread rations
 g - 2 fruits
 l - 2 royal jellies


   Skills:
 - Level 3.0 Fighting
 + Level 10.8 Axes
 - Level 5.0 Armour
 - Level 3.2 Dodging
 - Level 2.4 Stealth


You had 7 spell levels left.
You didn't know any spells.

Dungeon Overview and Level Annotations

Branches:
Dungeon (4/15)
 Temple: D:4-7

Altars:

Annotations:
D:3 Ijyb; Irenicus's ghost, amateur DDMo


Innate Abilities, Weirdness & Mutations

You are resistant to damage.
You can heal yourself by infusing magical energy.
You passively map a small area around you.
You do not regenerate.


Message History

You slash Blork the orc!
Blork the orc is heavily wounded.
Blork the orc hits you but does no damage.
You closely miss Blork the orc.
Blork the orc is heavily wounded.
Blork the orc closely misses you.
You hit Blork the orc.
Blork the orc is severely wounded.
You slash Blork the orc!
You kill Blork the orc!
You slash the ogre!
The ogre is heavily wounded.
You hit the ogre.
The ogre is heavily wounded.
The ogre hits you with a giant spiked club!!
* * * LOW HITPOINT WARNING * * *
You hit the ogre.
The ogre is severely wounded.
The ogre hits you with a giant spiked club!
You die...

,,,,,,***,,,,,,,,,,,,,,,,,,,,,,,,
,,,,,,,**,,,,,,,,.......,,,,,,,,,
,,,,,,,,,,,,,,,,,......>,,,,,,,,,
,,,,,,,,,,,,,,,,,.......,,,,,,,,,
,,,,,,,,,,,,,,,,,.....,,,,,,,,,,,
,,,,,,,,**,,*****....,,,,,,,,,,,,
,,,,,,,**,,** ##..#*,,,,,,,,,,,,
,,,,,,**,,,* #O.#***,,,,,,,,,,,
.,,,,,,,,..** ##@.# *,,*,,,,,,,*
..,,,,,*,.<.###).## *,.****,,,,*
...,,,,***#....†[##*##..* **,,,,*
....,,,* ##......##....***,,,,,,
....,,,** #..##........,,,,,,,,,
...#**,,####..*#...#####,,,,,,,,,
..#* **,.##...##..## *,,***,,,,
..#* *#....#....## *,** **,,,
#..## ##...####..# **,* **,,


You could see an ogre.

Vanquished Creatures
  Grinder (D:4)
  Eustachio (D:4)
  Edmund (D:4)
  A slave (D:4)
  A necrophage (D:4)
  A bullfrog (D:4)
  Blork the orc (D:4)
  A wyvern zombie (Ossuary)
  7 bullfrog zombies (Ossuary)
  2 centaur zombies (Ossuary)
  A centaur skeleton (D:4)
  3 worker ants (D:4)
  A killer bee zombie (Ossuary)
  16 mummies (Ossuary)
  A hound zombie (Ossuary)
  A howler monkey zombie (Ossuary)
  2 worker ant zombies (Ossuary)
  A howler monkey skeleton (D:4)
  3 adders
  2 adder zombies (Ossuary)
  A dart slug (D:1)
  2 worms (D:2)
  A leopard gecko (D:1)
  2 orcs
  2 giant cockroaches
  5 goblins
  6 hobgoblins
  4 jackals (D:2)
  A quokka (D:4)
  A ball python (D:2)
  A ball python zombie (Ossuary)
  6 bats
  4 frilled lizards
  A giant cockroach zombie (Ossuary)
  4 kobolds
  A leopard gecko skeleton (D:4)
  A leopard gecko zombie (Ossuary)
  2 quokka zombies (Ossuary)
  3 rats (D:1)
96 creatures vanquished.

Vanquished Creatures (others)
  A withered plant (Ossuary)
1 creature vanquished.

Grand Total: 97 creatures vanquished

Notes
Turn   | Place    | Note
-------+----------+-------------------------------------------
     0 | D:1      | Irenicus the Deep Dwarf Monk began the quest for the Orb.
     0 | D:1      | Reached XP level 1. HP: 20/20 MP: 1/1
   191 | D:1      | Reached XP level 2. HP: 25/27 MP: 2/2
   192 | D:1      | Reached skill level 4 in Axes
   581 | D:2      | Reached XP level 3. HP: 27/33 MP: 3/3
   747 | D:2      | Reached skill level 5 in Axes
   958 | D:3      | Reached skill level 1 in Armour
   966 | D:3      | Reached XP level 4. HP: 27/40 MP: 4/4
   982 | D:3      | Noticed Irenicus's ghost (amateur DDMo)
   987 | D:3      | Noticed Ijyb
  1080 | D:4      | Reached XP level 5. HP: 12/49 MP: 5/5
  1089 | D:4      | Noticed Eustachio
  1110 | D:4      | Found a sand-covered staircase.
  1114 | Ossuary  | Entered an ossuary
  1175 | Ossuary  | Reached skill level 5 in Armour
  1175 | Ossuary  | Reached XP level 6. HP: 16/56 MP: 6/6
  1219 | Ossuary  | Reached skill level 6 in Axes
  1274 | Ossuary  | Reached XP level 7. HP: 27/62 MP: 6/6
  1284 | Ossuary  | Reached skill level 7 in Axes
  1371 | Ossuary  | Reached skill level 8 in Axes
  1543 | Ossuary  | HP: 1/62 [mummy (12)]
  1637 | D:4      | Noticed Grinder
  1641 | D:4      | Killed Eustachio
  1641 | D:4      | Reached skill level 9 in Axes
  1650 | D:4      | Reached XP level 8. HP: 58/69 MP: 5/5
  1669 | D:4      | Killed Grinder
  1705 | D:4      | Reached skill level 10 in Axes
  1864 | D:4      | Noticed Edmund
  1903 | D:4      | Noticed Blork the orc
  1914 | D:4      | Killed Edmund
  1925 | D:4      | Killed Blork the orc
  1928 | D:4      | Slain by an ogre

Skill      XL: |  1  2  3  4  5  6  7  8 |
---------------+-------------------------+-----
Axes           | 4 5 6 9 10 | 10.8
Armour         | 1 3 5 |  5.0
Fighting       | 3 |  3.0
Dodging        | |  3.2
Stealth        | |  2.4

Action                   |  1- 3 |  4- 6 |  7- 9 || total
-------------------------+-------+-------+-------++-------
Melee: Hand axe          |   130 |   185 |   261 ||   576
 Abil: Heal Wounds       |       |     4 |     5 ||     9
Evoke: Wand              |     1 |       |     5 ||     6
  Use: Scroll            |     7 |     2 |     1 ||    10
       Potion            |       |     6 |     3 ||     9
 Stab: Sleeping          |     4 |       |     1 ||     5
       Confused          |     1 |       |     2 ||     3
       Invisible         |       |       |     3 ||     3
  Eat: Chunk             |       |     1 |       ||     1
       Fruit             |       |       |     3 ||     3
Armor: Robe              |     8 |       |       ||     8
       Scale mail        |    27 |    33 |    82 ||   142
       Skin              |       |    28 |       ||    28
Dodge: Dodged            |    93 |    88 |   145 ||   326
